AoeStats
← 海峡

Arabian Desert

509033681Analyzed
1v1 RM · 8d ago on Sep 25, 2026· 28m 54s· 2 players
Game mode
Random Map
Map size
Tiny (2 player)
Population
200
Speed
Normal
Resources
Standard
Victory
Conquest
Starting age
Dark Age
Ending age
Imperial Age
RankedLock teamsTeams togetherTeam positionsShared explorationLock speedFull tech treeHidden civsTurbo modeCheats
Victory
Defeat
🇨🇴 Magyars · Colombia
1590
+18
🇨🇳 Danes · China
1628
-18
MrDiiego/twitch.tv
6:33 Loom
8:41 Feudal Age
9:27 Double-Bit Axe
16:33 Fletching
20:04 Wheelbarrow
23:22 Castle Age
21:24 Horse Collar
23:49 Gold Mining
24:03 Bodkin Arrow
24:26 Bow Saw
25:37 Husbandry
25:51 Town Watch
27:10 Ballistics
28:07 Thumb Ring
海峡
6:07 Loom
8:52 Feudal Age
9:22 Double-Bit Axe
8:58 Man-at-Arms
17:08 Scale Mail Armor
20:03 Forging
21:20 Horse Collar
24:11 Wheelbarrow
26:33 Castle Age
25:20 Arson
25:28 Gold Mining
27:30 Chain Mail Armor
27:03 Gambesons
27:18 Squires
Connection lost

Rejoining the realm…

Still unreachable

The connection could not be restored.

Session expired

The server has moved on; the page needs a fresh start.